 Dungeon Crawl Stone Soup version 0.20.1-1-g8b1a95d (webtiles) character file.

30 Irenicus the Chiller (level 3, -12/24 HPs)
             Began as a Merfolk Ice Elementalist on Nov 5, 2017.
             Killed by divine providence
             ... invoked by an orc priest
              (15 damage)
             ... on level 3 of the Dungeon.
             The game lasted 00:04:49 (573 turns).

Irenicus the Chiller (Merfolk Ice Elementalist)      Turns: 573, Time: 00:04:49

Health: -12/24     AC:  3    Str:  8    XL:     3   Next: 18%
Magic:  2/6        EV: 13    Int: 15    God:
Gold:   0          SH:  0    Dex: 14    Spells: 4/7 levels left

rFire    . . .     SeeInvis .   i - +3 whip
rCold    . . .     Gourm    .   (no shield)
rNeg     . . .     Faith    .   a - +0 robe
rPois    .         Spirit   .   k - +1 hat
rElec    .         Reflect  .   (no cloak)
rCorr    .         Harm     .   (no gloves)
MR       .....                  (no boots)
Stlth    ++........             (no amulet)
Regen    0.1/turn               (no ring)
MPRegen  0.1/turn               (no ring)

@: no status effects
A: change form in water, swift swim, stealthy swim
a: no special abilities


You were on level 3 of the Dungeon.
You were not hungry.

You visited 1 branch of the dungeon, and saw 3 of its levels.

Inventory:

Hand Weapons
 i - a +3 whip (weapon)
Armour
 a - a +0 robe (worn)
 k - a +1 hat (worn)
Scrolls
 d - 3 scrolls of remove curse {unknown}
 e - 3 scrolls of identify {unknown}
Potions
 f - a potion of heal wounds {unknown}
 h - 3 potions of might {unknown}
Books
 b - a book of Frost

   Spells                             Type                      Level
   a - Freeze                         Ice                          1
   b - Throw Frost                    Conjuration/Ice              2
   c - Ozocubu's Armour               Charms/Ice                   3
   d - Throw Icicle                   Conjuration/Ice              4
   e - Summon Ice Beast               Ice/Summoning                4
 j - a book of Maledictions

   Spells                             Type                      Level
   a - Corona                         Hexes                        1
   b - Ensorcelled Hibernation        Hexes/Ice                    2
   c - Confuse                        Hexes                        3
   d - Tukima's Dance                 Hexes                        3
   e - Dazzling Spray                 Conjuration/Hexes            3
Comestibles
 c - a bread ration
 g - 2 fruits


   Skills:
 - Level 3.1 Dodging
 - Level 2.1 Stealth
 + Level 2.5 Spellcasting
   Level 0.7 Conjurations
 - Level 4.0 Ice Magic


You had 4 spell levels left.
You knew the following spells:

 Your Spells              Type           Power        Failure   Level  Hunger
a - Freeze                Ice            ##..         4%          1    #......
b - Ensorcelled Hibernat  Hex/Ice        #.....       14%         2    ###....


Dungeon Overview and Level Annotations

Branches:
Dungeon (3/15)

Altars:
Kikubaaqudgha


Message History

Confirm with . or Enter, or press ? or * to list all spells.
Aiming: Freeze
Press: ? - help, Shift-Dir - straight line, f - kobold
Aim: a kobold, wielding a club You freeze the kobold.
You kill the kobold!
You see here a scroll labeled XYSHAS EGREVE.
e - 3 scrolls labeled XYSHAS EGREVE (gained 1)
You see here 9 gold pieces. 2 orcs come into view.
An orc is wielding a vampiric hand axe.
The orc shouts!
The orc shouts!
Found 17 stones.
The orc priest calls down the wrath of Beogh upon you.
Beogh smites you!
* * * LOW HITPOINT WARNING * * *
The orc priest calls down the wrath of Beogh upon you.
Beogh smites you!
Ouch! That really hurt!
You die...

....###.#.# ....%≈≈≈≈≈≈≈≈.##.#
..........# #.oP≈≈o≈≈≈≈≈≈.##.#
..........#####.P≈≈.≈≈≈≈≈≈%.##.#
...#.#.#..##.r...?(.P≈≈≈)%......
..##.#.#..##.###o....P≈≈≈..P##..
.###.#.#..##.###r....P≈≈....#####
.# #.#.#..#...............oP.. .#
#.#r#.).......##...#.....### ..
......#......@##.#........ ##
#......<#.#...............o
###...#.###...##.#...
#.......(...# #.# .........#.##
##.#.##...#. .. #####. #.


You could see an orc priest, 2 orcs and a rat.

Vanquished Creatures
  A bat (D:3)
  3 giant cockroaches
  5 hobgoblins
  A quokka (D:3)
  2 frilled lizards
  5 goblins
  6 kobolds
  3 rats
26 creatures vanquished.

Notes
Turn   | Place    | Note
-------+----------+-------------------------------------------
     0 | D:1      | Irenicus the Merfolk Ice Elementalist began the quest for the Orb.
     0 | D:1      | Reached XP level 1. HP: 13/13 MP: 3/3
   130 | D:2      | Reached XP level 2. HP: 17/19 MP: 0/5
   237 | D:2      | Found an ancient bone altar of Kikubaaqudgha.
   245 | D:2      | Reached skill level 4 in Ice Magic
   425 | D:3      | Found a faded altar of an unknown god.
   488 | D:3      | Learned a level 2 spell: Ensorcelled Hibernation
   517 | D:3      | Reached XP level 3. HP: 11/24 MP: 3/6
   573 | D:3      | Killed from afar by an orc priest

Skill      XL: |  1  2 |
---------------+-------+-----
Ice Magic      | 4 |  4.0
Dodging        | 3 |  3.1
Stealth        | |  2.1
Spellcasting   | |  2.5
Conjurations   | |  0.7

Action                   || total
-------------------------++-------
Melee: Unarmed           ||     8
       Whip              ||    13
 Cast: Freeze            ||    36
 Stab: Sleeping          ||     1
Armor: Robe              ||     7
Dodge: Dodged            ||    35
